 Dungeon Crawl Stone Soup version 0.27-a0-1189-gb8eb6cee8e (webtiles) character file.

Game seed: 7299824708160904414

815 freelancePsychic the Digger (level 7, 0/50 HPs)
             Began as a Demigod Earth Elementalist on May 22, 2021.
             Engulfed by a steam dragon's steam (11 damage)
             ... on level 5 of the Dungeon.
             The game lasted 00:11:58 (7953 turns).

freelancePsychic the Digger (DgEE)                  Turns: 7953, Time: 00:11:59

Health: 0/50       AC:  3    Str:  9    XL:     7   Next: 35%
Magic:  2/14       EV: 16    Int: 25    God:
Gold:   258        SH:  5    Dex: 14    Spells: 7/11 levels left

rFire    . . .     SeeInvis .   a - +1 dagger (venom)
rCold    . . .     Faith    .   (no shield)
rNeg     . . .     Spirit   .   c - +0 robe
rPois    .         Reflect  +   (no helmet)
rElec    .         Harm     .   (no cloak)
rCorr    .         Rampage  .   (no gloves)
Will     .....                  s - +0 pair of boots
Stlth    ++........             k - amulet of reflection
HPRegen  0.16/turn              m - +4 ring of evasion
MPRegen  0.14/turn              r - ring of flight

@: flying
A: high mp 1, forlorn
a: no special abilities


You were on level 5 of the Dungeon.
You visited 1 branch of the dungeon, and saw 6 of its levels.

You collected 258 gold pieces.

Inventory:

Hand Weapons
 a - a +1 dagger of venom (weapon)
Missiles
 b - 165 stones
 g - 3 curare-tipped darts
Armour
 c - a +0 robe (worn)
 l - a +0 buckler
 s - a +0 pair of boots (worn)
Jewellery
 k - an amulet of reflection (around neck)
 m - a +4 ring of evasion (left hand)
 r - a ring of flight (right hand)
Scrolls
 f - a scroll of silence
 h - 2 scrolls of amnesia
 t - a scroll of teleportation {@r4}
Potions
 d - a potion of brilliance {unknown}
 e - a potion of haste {@q3}
 i - 3 potions of curing {unknown}
 j - a potion of lignification {unknown}
 n - 4 potions of degeneration {unknown}
 o - a potion of heal wounds {unknown}
 p - a potion of flight {unknown}
 q - a potion of cancellation {unknown}


   Skills:
 + Level 0.1 Fighting
 - Level 1.7 Dodging
 - Level 1.7 Stealth
 + Level 2.6 Spellcasting
 - Level 5.1 Conjurations
 - Level 0.8 Transmutations
 - Level 5.9 Earth Magic


You had 7 spell levels left.
You knew the following spells:

 Your Spells              Type           Power      Damage    Failure   Level
a - Sandblast             Erth           66%        2d15      1%          1
b - Stone Arrow           Conj/Erth      62%        3d10      3%          3

Your spell library contained the following spells:

 Spells                   Type           Power      Damage    Failure   Level
 Passwall                 Tmut/Erth      16%        N/A       4%          2
 Corona                   Hex            3%         N/A       11%         1
 Slow                     Hex            3%         N/A       16%         2
 Petrify                  Tmut/Erth      20%        N/A       26%         4
 Lee's Rapid Deconstruct  Erth           16%        3d11*     26%         5
 Leda's Liquefaction      Hex/Erth       9%         N/A       30%         4
 Inner Flame              Hex/Fire       3%         N/A       32%         3
 Portal Projectile        Hex/Tloc       6%         N/A       32%         3
 Cause Fear               Hex            1%         N/A       71%         4


Dungeon Overview and Level Annotations

Branches:
Dungeon (6/15)             Temple (0/1) D:4


Innate Abilities, Weirdness & Mutations

Your attributes grow dramatically as you level up.
You have an increased reservoir of magic. (+10% MP)
You shall have no god before yourself.


Message History

The steam dragon bites you. The steam dragon closely misses you.
You completely miss the steam dragon.
The steam dragon is severely wounded.
The steam dragon breathes steam at you. The ball of steam hits you.
You closely miss the steam dragon.
The steam dragon is severely wounded.
You are engulfed in a cloud of scalding steam.
The steam dragon closely misses you. You block the steam dragon's attack.
You are engulfed in a cloud of scalding steam.
You block the steam dragon's attack.
The steam dragon claws you but does no damage.
You fly upwards.
Your magical contamination has completely faded away.
There is a stone staircase leading down here.
The steam dragon completely misses you. The steam dragon barely misses you.
You barely miss the steam dragon.
The steam dragon is severely wounded.
The steam dragon barely misses you. The steam dragon completely misses you.
You closely miss the steam dragon.
The steam dragon is severely wounded.
The steam dragon breathes steam at you. The ball of steam hits you.
Casting: Stone Arrow (dangerous; 3% risk of failure)
Confirm with . or Enter, or press ? or * to list all spells.
Aiming: Stone Arrow (dangerous; 3% risk of failure)
Press: ? - help, Shift-Dir - straight line, f - steam dragon
Aim: a steam dragon (steam, severely wounded, 74% to hit)
The stone arrow hits the steam dragon!
The steam dragon is almost dead.
The steam dragon completely misses you. The steam dragon closely misses you.
The steam dragon breathes steam at you. The ball of steam misses you.
Really fly into a travel-excluded area?
Really fly into a travel-excluded area?
The steam dragon breathes steam at you. The ball of steam hits you!
* * * LOW HITPOINT WARNING * * *
You are engulfed in a cloud of scalding steam.
You die...

#≈ #.# #..... #≈## #.# #..#.) #≈≈
#.# #.##.. ######≈########.#
#..#.) #.).≈≈≈≈≈.......# #.....
.....≈≈≈....##..# #....#
#.....§§§D.##[.###.#...
+....§§§§§...†[...>##..
######@###..#..########
#..##..#..# ##.##..#..#
#.##..#..#
###############..#..#..#
###?.....##....###.#..#..#
..'......')....'......#..#
.##......##...^###..#.#..########
.##......##....# ##.#.#..#.......


There were no monsters in sight!

Vanquished Creatures
  A black bear (D:6)
  A phantom (D:6)
  A bullfrog (D:6)
  Blork the orc (D:6)
  A centaur skeleton (D:4)
  A jelly (D:5)
  2 orc priests (D:5)
  3 hounds
  2 iguanas
  An orc wizard (D:3)
  A hound zombie (D:5)
  3 hound skeletons
  A howler monkey skeleton (D:5)
  4 adders
  2 white imps
  2 ufetubi
  A worm (D:4)
  2 dart slugs
  9 orcs
  10 ball pythons
  10 endoplasms
  2 giant cockroaches
  8 goblins
  7 hobgoblins
  12 jackals
  6 kobolds
  4 quokkas
  10 bats
  7 frilled lizards
  10 rats
125 creatures vanquished.

Vanquished Creatures (others)
  3 plants
  2 withered plants (D:3)
5 creatures vanquished.

Grand Total: 130 creatures vanquished

Notes
Turn   | Place    | Note
-------+----------+-------------------------------------------
     0 | D:1      | freelancePsychic the Demigod Earth Elementalist began the
                  | quest for the Orb.
     0 | D:1      | Reached XP level 1. HP: 14/14 MP: 5/5
   190 | D:1      | Reached XP level 2. HP: 20/20 MP: 7/7
   336 | D:1      | Reached skill level 1 in Conjurations
   890 | D:1      | Reached XP level 3. HP: 26/26 MP: 9/9
   900 | D:1      | Learned a level 3 spell: Stone Arrow
  2737 | D:2      | Reached XP level 4. HP: 27/33 MP: 8/10
  4519 | D:3      | Reached XP level 5. HP: 5/38 MP: 1/11
  5072 | D:4      | Found a staircase to the Ecumenical Temple.
  5680 | D:5      | Entered Level 5 of the Dungeon
  6009 | D:5      | Reached XP level 6. HP: 45/45 MP: 5/12
  6446 | D:6      | Noticed a steam dragon
  6894 | D:6      | Reached skill level 5 in Earth Magic
  7020 | D:6      | Noticed Blork the orc
  7025 | D:6      | Killed Blork the orc
  7026 | D:6      | Reached XP level 7. HP: 50/50 MP: 0/14
  7317 | D:6      | Reached skill level 5 in Conjurations
  7953 | D:5      | Engulfed by a steam dragon's steam

Illustrated notes

Levels and vault maps discovered:
D:1:      lightli_arrival_statue_moat, layout_loops_ring, serial_forest,
          infiniplex_forest_clump_long, infiniplex_forest_zigzag_1,
          infiniplex_forest_corner_2, infiniplex_forest_split,
          infiniplex_forest_clump_curved, infiniplex_forest_straight_2,
          infiniplex_forest_straight_2, infiniplex_forest_clump_tiny,
          infiniplex_forest_zigzag_1
D:2:      minmay_angry_zag, layout_basic
D:3:      layout_basic, shapermc_ecumenical_altar_flowoftime,
          minmay_fractal_squares_gapless_5
D:4:      layout_rooms, temple_green, minivault_14
D:5:      layout_basic, lemuel_crystal_altar, okawaru_ov_weapons_minmay,
          fedhas_altar_1, lemuel_another_geyser
D:6:      minmay_spotlight, layout_basic, overflow_temple_1_default,
          general_overflow_altar, chequers_temple_overflow_statue_of_worship,
          uniq_blork_the_orc

Skill      XL: |  1  2  3  4  5  6  7 |
---------------+----------------------+-----
Spellcasting   | 2 |  2.6
Conjurations   | 1 2 3 4 5 |  5.1
Earth Magic    | 3 4 5 |  5.9
Fighting       | |  0.1
Dodging        | |  1.7
Stealth        | |  1.7
Transmutations | |  0.8

Action                   |  1- 3 |  4- 6 |  7- 9 || total
-------------------------+-------+-------+-------++-------
Melee: Dagger            |   105 |    74 |    14 ||   193
       Unarmed           |     4 |       |       ||     4
 Cast: Sandblast         |    37 |    26 |       ||    63
       Stone Arrow       |       |    47 |    18 ||    65
  Use: Scroll            |       |    11 |       ||    11
 Stab: Sleeping          |     9 |     4 |       ||    13
Armor: Robe              |    22 |    12 |     1 ||    35
Dodge: Dodged            |    75 |    83 |    23 ||   181
Block: Other             |       |       |     3 ||     3

Table legend: (Time is in decaauts)
 A = Elapsed time spent in this place.
 B = Non-inter-level travel time spent in this place.
 C = Inter-level travel time spent in this place.
 D = Time resting spent in this place.
 E = Time spent auto-exploring this place.
 F = Levels seen in this place.
 G = Mean time per level.
                   A        B        C        D        E       F      G
               +--------+--------+--------+--------+--------+-----+--------+
         Total |   7953 |   7773 |    180 |    895 |   5957 |   6 | 1325.5 |
       Dungeon |   7953 |   7773 |    180 |    895 |   5957 |   6 | 1325.5 |
               +--------+--------+--------+--------+--------+-----+--------+

Top non-repeatable levels by time:
     D:1: 1788 daAuts
     D:3: 1610 daAuts
     D:2: 1383 daAuts
     D:6: 1254 daAuts
     D:5: 1019 daAuts
     D:4: 896 daAuts
